 Dungeon Crawl Stone Soup version 0.31-a0-627-gd65175cf8b (webtiles) character file.

Game seed: 894777468657140674

1372 CrazyBamboolord the Changeling (level 8, -1/57 (63) HPs)
             Began as a Merfolk Shapeshifter on Aug 25, 2023.
             Slain by a wight
             ... wielding a +4 falchion
              (5 damage)
             ... on level 6 of the Dungeon.
             The game lasted 00:08:44 (5095 turns).

CrazyBamboolord the Changeling (MfSh)               Turns: 5095, Time: 00:08:44

HP:   -1/57 (63)    AC:  8    Str: 22    XL:     8   Next: 65%
MP:   8/8           EV: 13    Int: 10    God:
Gold: 219           SH:  5    Dex: 14    Spells: 7/7 levels left

rFire   . .          .
                       - Unarmed
rCold   + + .        (shield currently unavailable)
rNeg    . . .        z - +0 scale mail
rPois   .            (no helmet)
rElec   .            r - scarf {rC+ rF+}
rCorr   .            w - +0 pair of gloves
SInv    +            u - +0 pair of boots
Will    .....        e - amulet of reflection Stlth
                     b - ring of Rybrea {Fly rF- Str+4 Int+3 SInv}
HPRegen 0.29/turn    y - ring of protection from cold
MPRegen 0.11/turn

%: reflection
@: flux-form, flying, glowing, drained
A: glow, contaminating, (nimble swimmer 2), mertail
a: Begin Untransformation


You were on level 6 of the Dungeon.
You were something dangerously unstable.
You visited 1 branch of the dungeon, and saw 6 of its levels.

You collected 219 gold pieces.

Inventory:

Armour
 r - a scarf of resistance (worn)
 u - a +0 pair of boots (worn)
 w - a +0 pair of gloves (worn)
 x - a scarf of invisibility
 z - a +0 scale mail (worn)
 B - a +0 cloak
Jewellery
 b - the ring of Rybrea (left hand) {Fly rF- Str+4 Int+3 SInv}
   (You found it on level 4 of the Dungeon)

   [ring of flight]

   Str+4:     It affects your strength (+4).
   Int+3:     It affects your intelligence (+3).
   rF-:       It makes you vulnerable to fire.
   SInv:      It lets you see invisible.
   Fly:       It grants you flight.
 e - an amulet of reflection (around neck)
 y - a ring of protection from cold (right hand)
Talismans
 c - a beast talisman
 d - a flux talisman (active)
Wands
 h - a wand of roots (19) (quivered)
 D - a wand of charming (11)
Scrolls
 a - a scroll of poison {unknown}
 f - 2 scrolls of amnesia
 n - a scroll of fog
 o - a scroll of revelation
 q - 2 scrolls of teleportation
 t - a scroll of enchant armour {unknown}
Potions
 g - a potion of brilliance
 j - a potion of resistance {unknown}
 k - a potion of might {unknown}
 l - 2 potions of ambrosia {unknown}
 m - 2 potions of attraction {unknown}
 p - 2 potions of berserk rage
 s - a potion of haste {unknown}
 v - 2 potions of heal wounds {unknown}
 C - 2 potions of mutation {unknown}


   Skills:
 + Level 5.4 Fighting
 - Level 2.0 Armour
 + Level 7.0 Dodging
 + Level 6.4 Unarmed Combat
 - Level 7.0 Shapeshifting


You had 7 spell levels left.
You didn't know any spells.
Your spell library contained the following spells:

 Spells                   Type           Power      Damage    Failure   Level
 Magic Dart               Conj           0%         1d3       69%         1
 Sting                    Tmut/Pois      0%         1d3       69%         1
 Call Imp                 Summ           0%         N/A       83%         2
 Poisonous Vapours        Pois/Air       0%         N/A       83%         2
 Mephitic Cloud           Conj/Pois/Air  0%         N/A       96%         3
 Olgreb's Toxic Radiance  Pois           0%         N/A       100%        4


Dungeon Overview and Level Annotations

Branches:
Dungeon (6/15)
 Temple: D:4-7

Altars:

Shops:
D:2 :


Innate Abilities, Weirdness & Mutations

You are something dangerously unstable.
You glow with magical radiation, making you easy to see and hit.
Foes you strike become dangerously contaminated with magical radiation.
You are incapable of wielding weapons or throwing items.
((You are very nimble when in or above water. (Stealth+, EV+, Speed+++)))
Your lower body shifts to a powerful aquatic tail in water.


Message History

Press: ? - help, Q - select action, (/) - cycle Shift-Dir - straight line, f - wight, p - gnoll
Aim: a wight, wielding a +0 great sword and wearing a +0 robe The roots erupt in riotous growth!
Roots grab the wight.
Roots grab the wight.
The grasping roots constrict the gnoll.
You kill the gnoll!
The grasping roots constrict the gnoll.
The grasping roots constrict the wight. x2
The roots release their grip on the gnoll.
The wight escapes!
The wight barely misses you.
The gnoll hits you from afar with a +0 halberd!
The grasping roots constrict the wight.
The roots release their grip on the wight.
The gnoll hits you but does no damage.
A wight comes into view. It is wielding a +4 falchion.
Aiming: Fastroot
Press: ? - help, Q - select action, (/) - cycle Shift-Dir - straight line, p - wight
Okay, then.
The wight attacks as it pursues you! The wight hits you with a +3 mace.
You feel drained. You block the wight's attack.
The wight attacks as it pursues you! The wight hits you but does no damage.
The wight barely misses you. The wight closely misses you.
The gnoll barely misses you.
The wight hits you with a +0 great sword!
You feel drained. The wight closely misses you.
The gnoll attacks as it pursues you!
The gnoll hits you from afar with a +0 halberd!
The wight attacks as it pursues you!
The wight hits you with a +0 great sword!
* * * LOW HITPOINT WARNING * * *
You feel drained.
* * * LOW HITPOINT WARNING * * *
The wight attacks as it pursues you! The wight hits you but does no damage.
There is a stone staircase leading up, spattered with blood here.
Okay, then.
You feel better. The gnoll barely misses you. The wight barely misses you.
The wight hits you with a +3 mace.
* * * LOW HITPOINT WARNING * * *
The wight hits you with a +4 falchion.
You die...

.. .#... #.# '..#
$.. #..# #.####.)#
#....)..# #.)...#
#####.g..#
#....zz..# #..
#..#..Bz### .
#.>##.##..### .
#.....#...# .
###.......## .
##...#.##..#
.####..#.)....##
..#.......#...#
#......#####..##
.....#.).###...####


You could see 3 wights and a gnoll.

Vanquished Creatures
  2 ice beasts
  2 ogres (D:5)
  A phantom (D:5)
  2 scorpions (D:4)
  A wight (D:6)
  2 hounds (D:6)
  5 orc priests
  A gnoll bouda (D:5)
  2 jellies
  2 sleepcaps
  An iguana (D:4)
  Ijyb (D:5)
  6 orc wizards
  7 gnolls
  6 adders
  A shadow imp (D:6)
  A worm (D:4)
  A dart slug (D:1)
  11 orcs
  5 ball pythons
  6 endoplasms
  2 giant cockroaches (D:1)
  8 goblins
  5 hobgoblins
  8 jackals
  9 kobolds
  2 quokkas (D:1)
  5 bats
  4 frilled lizards
  4 rats
113 creatures vanquished.

Notes
Turn   | Place    | Note
-------+----------+-------------------------------------------
     0 | D:1      | CrazyBamboolord the Merfolk Shapeshifter began the quest
                  | for the Orb.
     0 | D:1      | Reached XP level 1. HP: 15/15 MP: 1/1
   147 | D:1      | Reached XP level 2. HP: 21/21 MP: 2/2
   282 | D:1      | Reached skill level 5 in Shapeshifting
   415 | D:1      | Reached XP level 3. HP: 22/26 MP: 3/3
  1395 | D:2      | Found Sidul's Book Emporium.
  1549 | D:3      | Reached XP level 4. HP: 31/32 MP: 4/4
  2321 | D:4      | Noticed a scorpion
  2329 | D:4      | Reached XP level 5. HP: 28/37 MP: 5/5
  2451 | D:4      | Identified the ring of Rybrea {Fly rF- Str+4 Int+3 SInv}
  2589 | D:4      | Reached XP level 6. HP: 24/44 MP: 6/6
  2593 | D:4      | Reached skill level 1 in Armour
  3587 | D:5      | Entered Level 5 of the Dungeon
  3713 | D:5      | Reached XP level 7. HP: 48/51 MP: 7/7
  3847 | D:5      | Reached skill level 5 in Dodging
  3847 | D:5      | Reached skill level 5 in Unarmed Combat
  3995 | D:5      | Noticed Ijyb
  3996 | D:5      | HP: 1/53 [gnoll bouda/+0 battleaxe (17)]
  4243 | D:5      | Killed Ijyb
  4323 | D:5      | Reached XP level 8. HP: 20/60 MP: 8/8
  4985 | D:6      | Reached skill level 5 in Fighting
  5094 | D:6      | HP: 1/57 [wight/+0 great sword (5)]
  5095 | D:6      | Slain by a wight

Illustrated notes

Levels and vault maps discovered:
D:1:      roderic_crossed_star, layout_loops_ring,
          hangedman_decor_clover_reticule
D:2:      layout_basic, serial_shops, shop
D:3:      layout_basic
D:4:      layout_cave_pods
D:5:      layout_rooms, grunt_decor_junction, nicolae_nh_ransacked_shop,
          uniq_ijyb
D:6:      layout_rooms, minmay_misc_feat_plants, dreamdust_gnoll_farm

Skill      XL: |  1  2  3  4  5  6  7  8 |
---------------+-------------------------+-----
Shapeshifting  | 5 6 7 |  7.0
Dodging        | 3 4 5 7 |  7.0
Fighting       | 2 4 5 |  5.4
Armour         | 1 2 |  2.0
Unarmed Combat | 4 5 6 |  6.4

Action                     |  1- 3 |  4- 6 |  7- 9 || total
---------------------------+-------+-------+-------++-------
  Melee: Unarmed           |    97 |   116 |   123 ||   336
         Punch             |     2 |       |       ||     2
  Evoke: Wand              |       |       |    15 ||    15
    Use: Scroll            |       |     5 |     2 ||     7
         Potion            |       |     1 |     3 ||     4
   Stab: Sleeping          |     5 |     2 |       ||     7
 Armour: Animal skin       |     8 |    12 |     3 ||    23
         Skin              |       |     2 |       ||     2
         Scale mail        |       |       |     7 ||     7
  Dodge: Dodged            |    40 |    49 |    80 ||   169
  Block: Other             |    13 |    32 |    25 ||    70
         Reflection        |     3 |     1 |     1 ||     5
         Form:             |       |     1 |       ||     1
         Flux              |       |     1 |       ||     1

Table legend: (Time is in decaauts)
 A = Elapsed time spent in this place.
 B = Non-inter-level travel time spent in this place.
 C = Inter-level travel time spent in this place.
 D = Time resting spent in this place.
 E = Time spent auto-exploring this place.
 F = Levels seen in this place.
 G = Mean time per level.
                   A        B        C        D        E       F      G
               +--------+--------+--------+--------+--------+-----+--------+
         Total |   5074 |   4938 |    136 |    202 |   3603 |   6 |  845.7 |
       Dungeon |   5074 |   4938 |    136 |    202 |   3603 |   6 |  845.7 |
               +--------+--------+--------+--------+--------+-----+--------+

Top non-repeatable levels by time:
     D:4: 1400 daAuts
     D:5: 1237 daAuts
     D:2: 832 daAuts
     D:3: 788 daAuts
     D:1: 667 daAuts
     D:6: 148 daAuts
